 Dungeon Crawl Stone Soup version 0.29.0-13-gc9e81de378 (webtiles) character file.

Game seed: 9750729044583658633

2719 robertstho the Grappler (level 9, -1/48 HPs)
             Began as a Vine Stalker Berserker on Sept 7, 2022.
             Was an Elder of Trog.
             Succumbed to a water moccasin's poison
             ... on level 7 of the Dungeon.
             The game lasted 00:10:10 (6406 turns).

robertstho the Grappler (Vine Stalker Berserker)    Turns: 6406, Time: 00:10:10

Health: -1/48      AC: 12    Str: 25    XL:     9   Next: 66%
Magic:  3/10       EV:  9    Int:  7    God:    Trog [****..]
Gold:   433        SH:  5    Dex: 13    Spells: 8/8 levels left

rFire   . . .      SeeInvis .     - Unarmed
rCold   . . .      Faith    .   (no shield)
rNeg    . . .      Spirit   +   q - +0 chain mail
rPois   .          Reflect  +   e - +1 hat
rElec   .          Harm     .   l - +0 cloak
rCorr   +          Rampage  .   (no gloves)
Will    +....                   (no boots)
Stlth   ..........              j - amulet of reflection
HPRegen 0.96/turn               b - ring of resist corrosion
MPRegen 0.12/turn               (no ring)

@: lethally poisoned (-1 -> -10), on berserk cooldown, slowed, very slow
A: fangs 3, regeneration 1, magic shield, antimagic bite, no potion heal 2
a: Renounce Religion, Berserk, Trog's Hand, Brothers in Arms


You were on level 7 of the Dungeon.
You worshipped Trog.
Trog was greatly pleased with you.
You visited 1 branch of the dungeon, and saw 7 of its levels.
You also visited: Sewer.

You collected 433 gold pieces.

Inventory:

Armour
 e - a +1 hat (worn)
 l - a +0 cloak (worn)
 q - a +0 chain mail (worn)
 v - a +0 ring mail of cold resistance
Jewellery
 b - a ring of resist corrosion (left hand)
 j - an amulet of reflection (around neck)
 s - an amulet of magic regeneration
Wands
 r - a wand of iceblast (14)
Scrolls
 a - a scroll of enchant armour
 c - a scroll of amnesia {unknown}
 f - 4 scrolls of magic mapping
 g - a scroll of enchant weapon {unknown}
 h - a scroll of poison {unknown}
 i - 3 scrolls of blinking
 m - 3 scrolls of teleportation {unknown}
 n - 2 scrolls of fear
 x - a scroll of butterflies
Potions
 d - 3 potions of magic
 k - a potion of flight {unknown}
 o - 2 potions of brilliance {unknown}
 p - 2 potions of attraction {unknown}
 t - a potion of haste {unknown}
 u - a potion of resistance {unknown}
 w - a potion of heal wounds {unknown}


   Skills:
 * Level 5.8 Fighting
 * Level 6.1 Armour
 + Level 3.3 Dodging
 + Level 3.0 Stealth
 + Level 1.7 Shields
 + Level 8.2 Unarmed Combat


You had 8 spell levels left.
You didn't know any spells.
Your spell library was empty.

Dungeon Overview and Level Annotations

Branches:
Dungeon (7/15)             Temple (0/1) D:4           Sewer (visited)

Altars:
Dithmenos
Makhleb
Sif Muna
Xom


Innate Abilities, Weirdness & Mutations

You have razor-sharp teeth.
Your natural rate of healing is unusually fast.
When hurt, damage is shared between your health and your magic reserves.
Your bite disrupts and absorbs the magic of your enemies.
Potions cannot restore your health.


Message History

You kill the orc!
Trog accepts your kill.
You feel very sick.
The water moccasin bites you but does no damage.
You punch the orc!
You kill the orc!
Trog accepts your kill.
You feel sick. You block the orc warrior's attack.
The water moccasin closely misses you.
You barely miss the water moccasin.
The water moccasin is almost dead.
You feel very sick.
You miss the water moccasin.
The water moccasin is almost dead.
You feel sick. The water moccasin barely misses you.
The orc warrior hits you with a +0 short sword!
You completely miss the water moccasin.
The water moccasin is almost dead.
You feel sick.
The water moccasin bites you but does no damage.
You barely miss the water moccasin. Your bite misses the water moccasin.
The water moccasin is almost dead.
You feel sick.
The orc warrior hits you with a +0 short sword!
* * * LOW HITPOINT WARNING * * *
The water moccasin bites you!
* * * LOW HITPOINT WARNING * * *
You are lethally poisoned!
The water moccasin poisons you!
* * * LOW HITPOINT WARNING * * *
You feel very sick.
You feel a strong urge to attack something.
* * * LOW HITPOINT WARNING * * *
You feel very sick.
* * * LOW HITPOINT WARNING * * *
You feel sick.
You feel your anger nearly subside.
You are no longer berserk.
You are exhausted.
You feel yourself slow down.
You die...

....#...........## #
.................# #.#
......#..........# ..# #.
.<........#.....###..##..
..........#.............
........................
..[##...#.##.........#
....###.##....#)....## .
.†.##.#..#..###)@....# ..
#..........## #......#...
###........# ##..........
# ##........##..So?..).##
#.........#..#z......#
...8.8......#..#zz).)....
..............#..........
##............##.........
#...........####...###..?


You could see an orc warrior, a water moccasin and 3 wights.

Vanquished Creatures
  Sigmund (D:3)
  Duvessa (D:6)
  3 water moccasins
  2 black bears
  An ogre (D:4)
  2 phantoms
  A necrophage (D:5)
  6 bullfrogs
  A scorpion (D:6)
  Dowan (D:6)
  4 wights
  The ghost of GigaChad the Shield-Bearer, a weakling MiFi of Jiyva (D:3)
  3 howler monkeys
  2 orc priests
  4 hounds
  Crazy Yiuf (D:3)
  A gnoll bouda (D:3)
  2 jellies (D:5)
  2 iguanas (D:5)
  4 orc wizards
  11 adders
  7 gnolls
  3 white imps
  3 worms
  6 dart slugs
  25 orcs
  10 endoplasms
  9 giant cockroaches
  3 goblins
  5 hobgoblins
  12 jackals
  13 quokkas
  12 ball pythons
  3 bats
  10 frilled lizards
  9 kobolds
  8 rats
192 creatures vanquished.

Vanquished Creatures (others)
  An orc priest (D:6)
  An iguana (D:6)
  A fungus (D:3)
  A plant (D:7)
4 creatures vanquished.

Grand Total: 196 creatures vanquished

Notes
Turn   | Place    | Note
-------+----------+-------------------------------------------
     0 | D:1      | robertstho the Vine Stalker Berserker began the quest for
                  | the Orb.
     0 | D:1      | Reached XP level 1. HP: 11/11 MP: 2/2
   288 | D:1      | Reached XP level 2. HP: 11/16 MP: 3/3
   963 | D:1      | Reached XP level 3. HP: 19/20 MP: 4/4
  1101 | D:1      | Reached ** piety under Trog
  1477 | D:2      | Found a faded altar of an unknown god.
  1838 | D:2      | Gained mutation: Your natural rate of healing is unusually
                  | fast. [Vine Stalker growth]
  1838 | D:2      | Reached XP level 4. HP: 8/24 MP: 3/5
  1896 | D:2      | Reached skill level 1 in Stealth
  2211 | D:3      | Reached skill level 4 in Unarmed Combat
  2229 | D:3      | Reached XP level 5. HP: 28/28 MP: 6/6
  2414 | D:3      | Noticed GigaChad's ghost (weakling MiFi)
  2479 | D:3      | Found a glowing drain.
  2486 | Sewer    | Entered a sewer
  2509 | Sewer    | Reached *** piety under Trog
  2693 | Sewer    | Reached XP level 6. HP: 26/33 MP: 4/7
  2920 | D:3      | Noticed Sigmund
  2928 | D:3      | Killed Sigmund
  2929 | D:3      | Reached skill level 5 in Unarmed Combat
  2929 | D:3      | Reached XP level 7. HP: 37/37 MP: 8/8
  2987 | D:3      | Found a runed translucent gate.
  2987 | D:3      | Found a runed translucent gate.
  2987 | D:3      | Found a runed translucent gate.
  3099 | D:3      | Killed GigaChad's ghost
  3179 | D:3      | Found a runed translucent door.
  3180 | D:3      | Noticed Crazy Yiuf
  3189 | D:3      | Killed Crazy Yiuf
  3279 | D:4      | Found a staircase to the Ecumenical Temple.
  3785 | D:4      | Reached skill level 6 in Unarmed Combat
  3785 | D:4      | Gained mutation: You have razor-sharp teeth. [Vine Stalker
                  | growth]
  3785 | D:4      | Reached XP level 8. HP: 42/42 MP: 9/9
  4126 | D:5      | Entered Level 5 of the Dungeon
  4201 | D:5      | HP: 1/63 [something/puff of flame (5)]
  4667 | D:5      | Reached skill level 5 in Fighting
  4705 | D:5      | Reached skill level 5 in Armour
  4706 | D:5      | Reached **** piety under Trog
  4759 | D:5      | Reached skill level 1 in Shields
  4759 | D:5      | Reached skill level 7 in Unarmed Combat
  5349 | D:6      | Reached XP level 9. HP: 47/47 MP: 10/10
  5458 | D:6      | Found a shadowy altar of Dithmenos.
  5494 | D:6      | Found a shimmering altar of Xom.
  5544 | D:6      | Noticed Duvessa
  5553 | D:6      | Noticed Dowan
  5556 | D:6      | Killed Duvessa
  5568 | D:6      | Killed Dowan
  5858 | D:6      | Found a shimmering blue altar of Sif Muna.
  5886 | D:6      | Found a burning altar of Makhleb.
  6357 | D:7      | Reached skill level 8 in Unarmed Combat
  6404 | D:7      | HP: 3/72 [poisoned by a water moccasin]
  6406 | D:7      | Succumbed to a water moccasin's poison

Illustrated notes

Levels and vault maps discovered:
D:1:      ncdulo_halloftheorcs, layout_loops_ring
D:2:      layout_loops_ring, basic_ecumenical_altar
D:3:      layout_rooms, gammafunk_ghost_split, gup_sewer_entry_bubbles,
          uniq_crazy_yiuf_cottage, uniq_sigmund
D:4:      layout_basic, minmay_temple_entry_statues_fountains
D:5:      layout_gridville, kennysheep_dice
D:6:      layout_basic, xom_confusion_cloud, grunt_dithmenos_smoke_and_mirrors,
          mainiacjoe_overflow_catwalk_spiral, uniq_duvessa
D:7:      layout_cave_pools, tgw_fedhas, serial_column_ruins,
          column_ruins_hut_ruined, column_ruins_columns_dead_end,
          column_ruins_corridor_straight, column_ruins_open_tiny,
          column_ruins_open_small, column_ruins_corridor_dead_end

Skill      XL: |  1  2  3  4  5  6  7  8  9 |
---------------+----------------------------+-----
Fighting       | 3 4 5 |  5.8
Armour         | 2 3 4 5 6 |  6.1
Stealth        | 1 2 3 |  3.0
Dodging        | 2 3 |  3.3
Unarmed Combat | 4 5 6 7 8 |  8.2
Shields        | 1 |  1.7

Action                   |  1- 3 |  4- 6 |  7- 9 || total
-------------------------+-------+-------+-------++-------
Melee: Unarmed           |   101 |   286 |   296 ||   683
       Bite              |    21 |    62 |    85 ||   168
       Punch             |     1 |     4 |    13 ||    18
Invok: Berserk           |     2 |     4 |     5 ||    11
       Trog's Hand       |       |       |     2 ||     2
  Use: Scroll            |       |     4 |     6 ||    10
 Stab: Sleeping          |     2 |       |       ||     2
Armor: Animal skin       |    16 |       |       ||    16
       Scale mail        |    15 |   121 |    23 ||   159
       Chain mail        |       |       |   108 ||   108
Dodge: Dodged            |    55 |   171 |    90 ||   316
Block: Other             |       |       |    58 ||    58
       Reflection        |       |       |     1 ||     1
